 Dungeon Crawl Stone Soup version 0.31.0-11-ge490571c62 (webtiles) character file.

Game seed: 15632807308799545993

51 Ninjinzu the Trooper (level 3, -6/30 HPs)
             Began as a Demonspawn Berserker on Feb 2, 2024.
             Was a Believer of Trog.
             Mangled by a gnoll
             ... wielding a +0 flail
              (9 damage)
             ... on level 2 of the Dungeon.
             The game lasted 00:03:58 (935 turns).

Ninjinzu the Trooper (Demonspawn Berserker)          Turns: 935, Time: 00:03:58

Health: -6/30      AC:  4    Str: 19    XL:     3   Next: 57%
Magic:  3/3        EV: 12    Int:  7    God:    Trog [**....]
Gold:   49         SH:  0    Dex: 12    Spells: 2/2 levels left

rFire   + . .        a - +0 spear
rCold   x . .        (no shield)
rNeg    . . .        c - +0 leather armour
rPois   .            (no helmet)
rElec   .            (no cloak)
rCorr   .            h - +0 pair of gloves
SInv    .            (no boots)
Will    .....        (no amulet)
Stlth   +            i - ring of fire
HPRegen 0.25/turn    (no ring)
MPRegen 0.08/turn

%: no passive effects
@: no status effects
A: demonic touch 1
a: Renounce Religion, Berserk, Trog's Hand


You were on level 2 of the Dungeon.
You worshipped Trog.
Trog was pleased with you.
You visited 1 branch of the dungeon, and saw 2 of its levels.

You collected 49 gold pieces.

Inventory:

Hand Weapons
 a - a +0 spear (weapon)
Armour
 b - a +0 animal skin
 c - a +0 leather armour (worn)
 h - a +0 pair of gloves (worn)
Jewellery
 i - a ring of fire (left hand)
Scrolls
 e - a scroll of vulnerability {unknown}
 f - a scroll of fog {unknown}
 g - a scroll of brand weapon {unknown}
Potions
 d - a potion of degeneration {unknown}


   Skills:
 + Level 3.6 Fighting
 + Level 3.4 Polearms
 + Level 2.0 Armour
 + Level 2.0 Dodging


You had 2 spell levels left.
You didn't know any spells.
Your spell library was empty.

Dungeon Overview and Level Annotations

Branches:
Dungeon (2/15)

Altars:


Innate Abilities, Weirdness & Mutations

Your touch may inflict minor irresistible damage on your foes.


Message History

Found a pair of boots.
A giant cockroach and a goblin come into view.
You closely miss the gnoll. Your touch misses the gnoll.
The gnoll is almost dead.
The goblin shouts!
The gnoll barely misses you.
You hit the gnoll but do no damage.
The gnoll is almost dead.
The gnoll attacks as it pursues you! The gnoll barely misses you.
The giant cockroach attacks as it pursues you!
The giant cockroach bites you but does no damage.
The giant cockroach bites you but does no damage.
You puncture the giant cockroach!
You kill the giant cockroach!
Trog accepts your kill.
You closely miss the gnoll.
The gnoll is almost dead.
The gnoll completely misses you.
You puncture the gnoll!
You kill the gnoll!
Trog accepts your kill.
Your Armour skill increases to level 2!
You hit the goblin.
You kill the goblin!
Trog accepts your kill.
You hit the gnoll.
The gnoll is lightly wounded.
The gnoll hits you with a +0 flail. The gnoll barely misses you.
You closely miss the gnoll.
The gnoll is lightly wounded.
The gnoll hits you with a +0 flail!
The gnoll hits you from afar with a +0 halberd!
* * * LOW HITPOINT WARNING * * *
You hit the gnoll. Your touch misses the gnoll.
The gnoll is heavily wounded.
The gnoll barely misses you. x2
You closely miss the gnoll.
The gnoll is heavily wounded.
The gnoll hits you with a +0 flail!
You die...

### .... §≈.≈≈
##### ≈[≈.≈.#...#
.≈.≈.g'g#g#
≈.§.≈.#.#g# ≈§.≈≈
#g#@##### ....
#†#.#!... ####
#.....####.
....####.#.##.....
#...............
##.###..#.#...##
#.##......#
#.##......#
#.###.....#


You could see 2 gnolls.

Vanquished Creatures
  An adder (D:2)
  A gnoll (D:2)
  A dart slug (D:1)
  3 endoplasms (D:1)
  2 giant cockroaches (D:2)
  A hobgoblin (D:1)
  3 jackals (D:1)
  A quokka (D:1)
  4 ball pythons
  2 bats
  4 goblins
  2 kobolds (D:1)
  4 rats
29 creatures vanquished.

Notes
Turn   | Place    | Note
-------+----------+-------------------------------------------
     0 | D:1      | Ninjinzu the Demonspawn Berserker began the quest for the
                  | Orb.
     0 | D:1      | Reached XP level 1. HP: 18/18 MP: 1/1
   146 | D:1      | Gained mutation: Your touch may inflict minor irresistible
                  | damage on your foes. [demonic ancestry]
   146 | D:1      | Reached XP level 2. HP: 24/24 MP: 2/2
   832 | D:2      | Reached XP level 3. HP: 27/29 MP: 3/3
   840 | D:2      | Reached ** piety under Trog
   935 | D:2      | Mangled by a gnoll

Illustrated notes

Levels and vault maps discovered:
D:1:      roadster_arrival_rocket_large, layout_loops_cross, chequers_garden
D:2:      layout_loops_ring, serial_shops, nicolae_diamond_shop,
          kennysheep_generic_room_9

Skill      XL: |  1  2  3 |
---------------+----------+-----
Polearms       | 3 |  3.4
Dodging        | 2 |  2.0
Armour         | 2 |  2.0
Fighting       | |  3.6

Action                     || total
---------------------------++-------
  Melee: Spear             ||    85
         Touch             ||     7
         Punch             ||     1
 Armour: Leather armour    ||    42
  Dodge: Dodged            ||    48
